 Dungeon Crawl Stone Soup version 0.14-a0-840-g06343e3 (webtiles) character file.

118 4tharraofdagon the Firebug (level 4, 0/24 HPs)
             Began as a Deep Elf Fire Elementalist on Nov 13, 2013.
             Slain by an adder (2 damage)
             ... on Level 4 of the Dungeon.
             The game lasted 00:07:50 (1010 turns).

4tharraofdagon the Firebug (DEFE)                   Turns: 1010, Time: 00:07:50

HP   0/24        AC  3     Str  5      XL: 4   Next:  7%
MP   1/12        EV 10     Int 21      God:
Gold 46          SH  0     Dex 15      Spells:  2 memorised,  4 levels left

Res.Fire  : . . .   See Invis. : .   (no weapon)
Res.Cold  : . . .   Warding    : .   i - +0 elf leather armour
Life Prot.: . . .   Conserve   : .   (no shield)
Res.Poison: .       Res.Corr.  : .   (no helmet)
Res.Elec. : .       Clarity    : .   (no cloak)
Sust.Abil.: . .     Spirit.Shd : .   (no gloves)
Res.Mut.  : .       Stasis     : .   (no boots)
Res.Rott. : .       Flight     : .   (no amulet)
Saprovore : . . .                    (no ring)
                                     (no ring)

@: very slightly contaminated, slightly resistant to hostile enchantments,
fairly stealthy
A: no striking features
a: no special abilities


You were on level 4 of the Dungeon.
You were not hungry.

You visited 1 branch of the dungeon, and saw 5 of its levels.

You collected 46 gold pieces.

Inventory:

Missiles
 g - 12 stones (quivered)
Armour
 a - a +0 elven robe
 d - a +0 leather armour
 i - a +0 elven leather armour (worn)
Magical devices
 p - a wand of slowing (3)
Comestibles
 c - a bread ration
 j - a chunk of quokka flesh
 q - an apple
Scrolls
 e - a scroll of curse armour {unknown}
 f - 3 scrolls of remove curse {unknown}
 h - a scroll of teleportation {unknown}
 k - 3 scrolls of random uselessness {unknown}
 l - a scroll of amnesia {unknown}
 m - a scroll of enchant weapon I {unknown}
 n - a scroll of identify {unknown}
Books
 b - a book of Flames

   Spells                             Type                      Level
   *Flame Tongue                      Conjuration/Fire             1
   Throw Flame                        Conjuration/Fire             2
   *Conjure Flame                     Conjuration/Fire             3
   Inner Flame                        Hexes/Fire                   3
   Sticky Flame                       Conjuration/Fire             4
   Fireball                           Conjuration/Fire             5


   Skills:
 - Level 2.4 Dodging
 - Level 2.4 Stealth
 + Level 2.5 Spellcasting
 * Level 2.7 Conjurations
 * Level 4.3 Fire Magic


You had 4 spell levels left.
You knew the following spells:

 Your Spells              Type           Power        Failure   Level  Hunger
a - Flame Tongue          Conj/Fire      ###..        3%          1    None
b - Conjure Flame         Conj/Fire      ###.....     12%         3    ###....


Dungeon Overview and Level Annotations

Branches:
Dungeon (5/16)
 Temple: D:4-7

Altars:


Message History

* * * LOW HITPOINT WARNING * * *
Casting: Flame Tongue
Confirm with . or Enter, or press ? or * to list all spells.
Aiming: Flame Tongue
Press: ? - help, Shift-Dir - straight line, f/p - adder
Aim: an adder (heavily wounded)
The flame hits the adder.
The adder is heavily wounded.
* * * LOW HITPOINT WARNING * * *
You feel sick.
You feel better. The adder barely misses you. The adder bites you.
* * * LOW HITPOINT WARNING * * *
Casting: Flame Tongue
Confirm with . or Enter, or press ? or * to list all spells.
Aiming: Flame Tongue
Press: ? - help, Shift-Dir - straight line, f/p - adder
Aim: an adder (heavily wounded)
The flame misses the adder.
The adder bites you.
You die...

....+#.#...#.#.......#
....#.#.####.#....[..##
....+#.#.# #.#^S#.....#
..(.#+#.## #.#.>#.###.#
'#(....#.###.#..#.# ...
#'.....+#).# #..#.# ###
##[....###.#.####'#####
#.......#)#....S.....#
##.......#.####.@.....#
....<..).'....%...>[..+
##.##....######...%...#
#.......# #..[....#
######### #.......#
#########


You could see an adder.

Vanquished Creatures
  An orc wizard (D:4)
  A giant mite (D:3)
  A worm (D:4)
  4 giant geckos
  3 orcs (D:4)
  A ball python (D:3)
  4 goblins
  2 hobgoblins
  A kobold (D:1)
  2 quokkas (D:4)
  3 bats
  A giant newt (D:1)
  A goblin skeleton (D:4)
25 creatures vanquished.

Notes
Turn   | Place    | Note
--------------------------------------------------------------
     0 | D:1      | 4tharraofdagon, the Deep Elf Fire Elementalist, began the quest for the Orb.
     0 | D:1      | Reached XP level 1. HP: 10/10 MP: 4/4
    13 | D:1      | timbw: that beats ctrl-q
   195 | D:1      | Reached XP level 2. HP: 13/15 MP: 0/6
   337 | D:2      | timbw: i prefer to focus spellcasting 50% in early
   362 | D:3      | timbw: but it doesnt really matter
   362 | D:3      | 4tharraofdagon: yea m2
   364 | D:2      | 4tharraofdagon: ah
   364 | D:2      | 4tharraofdagon: i prefer like this
   364 | D:2      | 4tharraofdagon: idk why
   460 | D:2      | timbw: i like the mp
   475 | D:2      | timbw: sticky & conjur so strong anyways
   479 | D:2      | timbw: no need power
   588 | D:4      | Reached skill level 4 in Fire Magic
   588 | D:4      | Reached XP level 3. HP: 1/19 MP: 3/9
   593 | D:4      | die
   628 | D:4      | Learned a level 3 spell: Conjure Flame
   915 | D:4      | Reached XP level 4. HP: 15/24 MP: 0/12
   926 | D:4      | mmm
   959 | D:5      | Entered Level 5 of the Dungeon
  1010 | D:4      | Slain by an adder

Action                   |  1- 3 |  4- 6 || total
-------------------------+-------+-------++-------
Melee: Unarmed           |     5 |       ||     5
Throw: Stone             |     8 |       ||     8
 Cast: Flame Tongue      |    56 |    10 ||    66
Evoke: Wand              |     1 |     2 ||     3
  Use: Potion            |     3 |       ||     3
